 Dungeon Crawl Stone Soup version 0.32-a0-18-g89e19f1974 (webtiles) character file.

Game seed: 5869048427060856474

266 BigPumpCobain the Chopper (level 6, -3/53 HPs)
             Began as a Minotaur Berserker on Jan 16, 2024.
             Was a Believer of Trog.
             Slain by a gnoll
             ... wielding a +0 flail
              (4 damage)
             ... on level 3 of the Dungeon.
             The game lasted 00:03:03 (1972 turns).

BigPumpCobain the Chopper (Minotaur Berserker)      Turns: 1972, Time: 00:03:03

Health: -3/53      AC:  8    Str: 23    XL:     6   Next: 0%
Magic:  5/5        EV: 12    Int:  4    God:    Trog [**....]
Gold:   80         SH:  0    Dex: 16    Spells: 5/5 levels left

rFire   . . .        a - +0 hand axe
rCold   . . .        (no shield)
rNeg    . . .        g - +0 ring mail
rPois   .            (helmet restricted)
rElec   .            l - +1 cloak
rCorr   .            (no gloves)
SInv    .            (no boots)
Will    .....        (no amulet)
Stlth   +            i - +6 ring of dexterity
HPRegen 0.28/turn    (no ring)
MPRegen 0.09/turn

%: no passive effects
@: on berserk cooldown, slowed, very slow
A: horns 2, retaliatory headbutt
a: Renounce Religion, Berserk, Trog's Hand


You were on level 3 of the Dungeon.
You worshipped Trog.
Trog was pleased with you.
You visited 1 branch of the dungeon, and saw 3 of its levels.

You collected 80 gold pieces.

Inventory:

Hand Weapons
 a - a +0 hand axe (weapon)
Missiles
 j - 2 boomerangs (quivered)
Armour
 g - a +0 ring mail (worn)
 l - a +1 cloak (worn)
Jewellery
 i - a +6 ring of dexterity (left hand)
Scrolls
 c - a scroll of identify
 d - 2 scrolls of teleportation
 e - 3 scrolls of blinking
 h - a scroll of immolation {unknown}
 m - a scroll of noise {unknown}
Potions
 b - 2 potions of curing {unknown}
 f - a potion of haste {unknown}
 k - a potion of attraction {unknown}
 n - a potion of magic {unknown}


   Skills:
 + Level 4.7 Fighting
 * Level 5.8 Axes
 + Level 1.5 Throwing
 + Level 3.8 Armour
 + Level 3.3 Dodging


You had 5 spell levels left.
You didn't know any spells.
Your spell library was empty.

Dungeon Overview and Level Annotations

Branches:
Dungeon (3/15)

Altars:

Shops:
D:1 [


Innate Abilities, Weirdness & Mutations

You have a pair of horns on your head.
You reflexively headbutt those who attack you in melee.


Message History

Trog appreciates your killing of a magic user.
Reactivating autopickup.
You feel a bit more experienced. The orc priest closely misses you.
You furiously retaliate!
You headbutt the orc priest!
Things that are here:
a +0 dagger; a +0 robe; an orc corpse You closely miss the orc priest.
Your headbutt misses the orc priest.
The orc priest is severely wounded.
You hit the orc priest.
You kill the orc priest!
Trog accepts your kill.
You slash the gnoll!
The gnoll is heavily wounded.
The gnoll barely misses you. You furiously retaliate!
You headbutt the gnoll!!
You kill the gnoll!
Trog accepts your kill.
You slash the gnoll!
The gnoll is almost dead.
You slash the gnoll!
You kill the gnoll!
Trog accepts your kill.
You are no longer berserk.
You are exhausted.
You feel yourself slow down.
Your skin stops crawling.
You feel less strong-willed. The gnoll hits you with a +0 club.
* * * LOW HITPOINT WARNING * * *
The gnoll hits you but does no damage.
Items here: ))) [.
You slash the gnoll! You headbutt the gnoll.
You kill the gnoll!
Trog accepts your kill.
You have reached level 6!
You closely miss the gnoll. You headbutt the gnoll!
The gnoll is severely wounded.
The gnoll hits you with a +0 flail.
* * * LOW HITPOINT WARNING * * *
The gnoll hits you with a +0 flail.
You die...

#...##.#.#
######.##.#.#
#......##.#.###
#####......##.#...#
#<..'......##.###.#
#####.)...###)..#.#
#))...# #)#.#.#
#.....# #)#.#.##
#.....# #@#....#
#.....# #g######
#.....# #.# #######
#.# #.# #.# #.# #.#


You could see a gnoll.

Vanquished Creatures
  An orc priest (D:3)
  3 orc wizards (D:3)
  6 gnolls
  3 adders
  3 dart slugs (D:1)
  3 ribbon worms (D:2)
  4 orcs (D:3)
  7 ball pythons
  4 bats
  2 endoplasms
  3 giant cockroaches (D:3)
  5 goblins
  2 hobgoblins
  2 jackals (D:3)
  2 quokkas
  4 frilled lizards
  6 kobolds
  6 rats
66 creatures vanquished.

Notes
Turn   | Place    | Note
-------+----------+-------------------------------------------
     0 | D:1      | BigPumpCobain the Minotaur Berserker began the quest for
                  | the Orb.
     0 | D:1      | Reached XP level 1. HP: 19/19 MP: 0/0
    10 | D:1      | Found Win Tyg's Antique Armour Shoppe.
    35 | D:1      | Reached skill level 4 in Axes
    35 | D:1      | Reached XP level 2. HP: 27/27 MP: 1/1
   834 | D:2      | Reached XP level 3. HP: 31/33 MP: 2/2
   897 | D:2      | You fall into a shaft and drop 1 floor!
   998 | D:3      | Reached ** piety under Trog
  1157 | D:2      | Reached XP level 4. HP: 31/40 MP: 3/3
  1311 | D:2      | Reached skill level 5 in Axes
  1888 | D:3      | Reached skill level 1 in Throwing
  1888 | D:3      | Reached XP level 5. HP: 42/47 MP: 4/4
  1972 | D:3      | Reached XP level 6. HP: 6/53 MP: 5/5
  1972 | D:3      | HP: 1/53 [gnoll/+0 flail (5)]
  1972 | D:3      | Slain by a gnoll

Illustrated notes

Levels and vault maps discovered:
D:1:      saegor_arrival_miasma, layout_basic, serial_shops, shop,
          minmay_stone_trees_medium
D:2:      layout_loops_ring, nicolae_figureground_pulse
D:3:      layout_basic, grunt_temple_overflow_order_and_chaos_2,
          saegor_snake_ambush

Skill      XL: |  1  2  3  4 |
---------------+-------------+-----
Axes           | 4 5 |  5.8
Fighting       | 4 |  4.7
Armour         | 3 |  3.8
Throwing       | 1 |  1.5
Dodging        | 3 |  3.3

Action                     |  1- 3 |  4- 6 || total
---------------------------+-------+-------++-------
  Melee: Hand axe          |    92 |    60 ||   152
         Headbutt          |    13 |    10 ||    23
         Punch             |     1 |       ||     1
 Invoke: Berserk           |       |     1 ||     1
         Trog's Hand       |       |     1 ||     1
    Use: Scroll            |     2 |       ||     2
 Armour: Animal skin       |    19 |       ||    19
         Ring mail         |    38 |    35 ||    73
  Dodge: Dodged            |    65 |    25 ||    90

Table legend: (Time is in decaauts)
 A = Elapsed time spent in this place.
 B = Non-inter-level travel time spent in this place.
 C = Inter-level travel time spent in this place.
 D = Time resting spent in this place.
 E = Time spent auto-exploring this place.
 F = Levels seen in this place.
 G = Mean time per level.
                   A        B        C        D        E       F      G
               +--------+--------+--------+--------+--------+-----+--------+
         Total |   1976 |   1929 |     47 |      0 |   1582 |   3 |  658.7 |
       Dungeon |   1976 |   1929 |     47 |      0 |   1582 |   3 |  658.7 |
               +--------+--------+--------+--------+--------+-----+--------+

Top non-repeatable levels by time:
     D:2: 939 daAuts
     D:1: 829 daAuts
     D:3: 208 daAuts
